Map: Alcyone LE

Players

goriatsoski (MilkiCow)

  • Race: Terran Terran
  • League: Grandmaster
  • Spawn Location: 7:00

Lambo - Winner!

  • Race: Zerg Zerg
  • League: Grandmaster
  • Spawn Location: 1:00

VOD

Have the link to the VOD?

Description

Time

  • Played on: June 14, 2024, 8:29 a.m.
  • Length: 15:47
Show
View Real Time Build Order
Export as new Build Order

goriatsoski Terran 

Build Orders: Reaper Expand, Hellion Banshee 

Get SALT Encoding   

  12  0:00  SCV  
  13  0:12  SCV  
  14  0:17  Supply Depot  
  14  0:24  SCV  
  15  0:39  SCV  
  15  0:40  Barracks  
  16  0:44  Refinery  
  16  0:51  SCV  
  17  1:03  SCV  
  18  1:15  SCV  
  19  1:27  Reaper, Orbital Command  
  20  1:39  Command Center  
  20  1:48  Supply Depot  
  20  1:53  SCV  
  21  1:59  Marine  
  22  2:05  SCV  
  23  2:11  Factory  
  23  2:19  SCV  
  23  2:21  Barracks Reactor  
  24  2:31  SCV  
  25  2:39  Command Center  
  25  2:43  SCV  
  26  2:50  Orbital Command  
  26  2:55  SCV  
  27  2:59  Starport  
  27  3:00  Orbital Command  
  27  3:06  Refinery  
  27  3:08  SCV  
  27  3:10  Hellion  
  30  3:16  Hellion  
  30  3:19  Barracks Tech Lab  
  32  3:22  SCV  
  32  3:26  SCV  
  34  3:34  Hellion, SCV  
  34  3:38  Hellion, SCV  
  40  3:45  Banshee  
  40  3:46  SCV  
  40  3:47  Marine  
  45  3:51  SCV  
  45  3:54  Orbital Command  
  46  3:56  Cloaking Field  
  46  3:59  SCV  
  47  4:03  Hellion, SCV  
  47  4:07  Barracks Tech Lab, Hellion  
  52  4:11  SCV  
  52  4:13  Supply Depot  
  52  4:17  SCV  
  54  4:23  SCV x2  
  56  4:25  Hellion  
  56  4:28  Banshee  
  61  4:35  Supply Depot, Hellion, SCV x2  
  61  4:37  Stimpack  
  65  4:42  SCV  
  66  4:47  SCV  
  66  4:49  SCV  
  66  4:51  Barracks  
  66  4:52  Marine  
  69  4:57  SCV  
  69  4:59  Supply Depot  
  70  5:02  Barracks  
  70  5:04  SCV x2  
  70  5:07  Factory Reactor  
  72  5:09  Supply Depot, Refinery, Engineering Bay x2  
  72  5:13  SCV  
  73  5:16  SCV  
  73  5:18  SCV  
  73  5:19  Marine  
  76  5:26  Barracks  
  76  5:28  Barracks, SCV  
  76  5:31  Starport Reactor, SCV  
  76  5:32  Orbital Command  
  76  5:35  Terran Infantry Armor Level 1, Terran Infantry Weapons Level 1  
  78  5:37  Marine, Refinery  
  78  5:40  SCV  
  80  5:43  SCV  
  80  5:48  Supply Depot x2  
  81  5:51  Factory Reactor  
  81  5:52  SCV  
  81  5:54  Marine x4  
  81  5:55  SCV  
  87  5:57  SCV  
  87  6:01  Marine  
  89  6:05  SCV  
  89  6:07  SCV  
  89  6:09  SCV  
  92  6:11  Supply Depot  
  92  6:12  Marine x4  
  92  6:14  Medivac  
  92  6:15  Marine  
  92  6:17  SCV  
  100  6:20  SCV  
  100  6:21  Marine, SCV  
  100  6:23  Marine  
  99  6:28  Medivac, Widow Mine x2  
  99  6:29  SCV  
  99  6:30  Combat Shield, Marine x4  
  99  6:32  SCV  
  109  6:36  SCV  
  109  6:37  Supply Depot  
  109  6:39  Supply Depot  
  111  6:41  Marine, SCV  
  111  6:43  Barracks Reactor  
  111  6:44  Barracks Reactor, SCV  
  113  6:47  Marine  
  113  6:48  Armory  
  113  6:49  Marine  
  115  6:54  Medivac  
  115  6:58  Medivac, SCV x2  
  121  7:02  Widow Mine x2, SCV  
  126  7:09  Supply Depot  
  126  7:10  Marine x5, SCV  
  126  7:13  Supply Depot  
  132  7:22  SCV  
  133  7:24  Command Center  
  133  7:25  Factory  
  133  7:31  Marine x8  
  133  7:35  Medivac, Widow Mine  
  133  7:36  Supply Depot  
  145  7:37  Terran Infantry Weapons Level 2, Supply Depot  
  145  7:39  Marine  
  146  7:45  Refinery  
  146  7:48  Marine x3  
  149  7:54  Supply Depot  
  149  7:56  Supply Depot  
  149  7:57  Marine x3  
  149  7:58  Medivac, SCV  
  155  7:59  Marine  
  155  8:01  Marine x2  
  155  8:02  Widow Mine x2  
  160  8:06  Marine  
  160  8:11  Marine  
  160  8:12  Marine  
  163  8:13  Medivac  
  163  8:15  Marine  
  163  8:16  Barracks x2, SCV  
  163  8:19  Barracks  
  167  8:30  Marine  
  167  8:31  Marine  
  167  8:33  Marine x4  
  147  8:34  Widow Mine  
  147  8:35  Widow Mine  
  148  8:42  Marauder, Marine  
  148  8:43  Marine  
  148  8:44  Medivac x2  
  148  8:45  Terran Infantry Armor Level 2  
  141  8:48  Marine  
  141  8:49  Marine  
  141  8:51  Marine  
  141  8:55  Marine  
  145  8:56  Widow Mine, SCV x2  
  145  8:58  Marine x2  
  145  8:59  Widow Mine  
  145  9:00  Drilling Claws, SCV  
  145  9:01  Siege Tank  
  151  9:04  Marauder  
  151  9:09  Marine  
  149  9:14  Medivac  
  146  9:19  Marine  
  146  9:23  Barracks Tech Lab x2  
  146  9:24  Medivac, Widow Mine  
  149  9:25  SCV x3  
  149  9:30  Planetary Fortress  
  149  9:31  Marine  
  149  9:32  Marine x8  
  149  9:37  Marine  
  159  9:44  Medivac, Marine  
  159  9:45  Marine  
  160  9:49  Widow Mine x2, Marine x7  
  160  9:50  Marauder, SCV x2  
  173  9:52  Command Center  
  173  9:55  Concussive Shells, Barracks Tech Lab  
  173  9:56  Marine  
  174  10:00  SCV  
  174  10:02  Siege Tank  
  174  10:03  Marauder x2  
  174  10:06  Refinery x2  
  182  10:07  Marine x2  
  182  10:12  Marauder  
  186  10:14  Marine  
  186  10:16  SCV  
  186  10:17  Command Center  
  188  10:24  Marauder  
  188  10:26  Marauder, Marine  
  188  10:27  Widow Mine  
  181  10:37  Marauder, Marine x7  
  181  10:38  Siege Tank, Liberator  
  181  10:39  SCV  
  181  10:42  Ghost Academy, Supply Depot  
  194  10:57  Marine, Liberator  
  194  10:58  Marauder  
  194  11:03  Marine, SCV  
  198  11:05  SCV  
  198  11:09  Terran Infantry Armor Level 3, Terran Infantry Weapons Level 3  
  198  11:10  Terran Vehicle And Ship Armor Level 1  
  199  11:11  Command Center  
  199  11:15  Command Center  
  197  11:18  Ghost  
  199  11:27  Ghost  
  199  11:28  Ghost  
  199  11:30  Ghost  
  196  11:45  Marine  
  196  11:46  Marine  
  196  11:47  Marine x2, Ghost  
  153  11:48  Marine  
  153  11:49  Marine  
  153  11:50  Marine  
  153  11:51  Marine  
  153  11:52  SCV x3  
  154  11:57  Marauder, Marine  
  154  11:59  Marauder  
  159  12:02  Orbital Command, SCV  
  159  12:03  Marine  
  159  12:04  Widow Mine, Marine  
  159  12:05  Marine  
  162  12:13  Marine  
  155  12:16  Marauder, Marine  
  155  12:18  Marauder, Marine  
  155  12:20  Marine  
  155  12:21  Siege Tank, Marauder, Marine  
  157  12:25  Widow Mine, SCV  
  158  12:30  SCV  
  158  12:31  SCV  
  158  12:32  Marine, SCV  
  158  12:34  Marine  
  160  12:37  Marauder  
  160  12:40  Marauder, Marine  
  160  12:42  Marauder  
  165  12:45  Marine  
  165  12:47  Widow Mine  
  165  12:48  Orbital Command  
  165  12:50  Planetary Fortress, Supply Depot  
  168  12:54  Widow Mine, Marine, Sensor Tower  
  168  12:57  Liberator x2  
  168  12:58  Sensor Tower  
  177  12:59  Marauder  
  177  13:01  Marauder  
  177  13:03  Bunker  
  177  13:04  Marauder, Marine  
  184  13:08  SCV  
  184  13:09  Marine  
  184  13:10  Terran Vehicle And Ship Armor Level 2  
  186  13:14  Factory Reactor  
  186  13:20  Marauder, Refinery  
  186  13:22  Marauder  
  186  13:25  Marauder  
  188  13:27  Marine  
  188  13:28  Orbital Command  
  188  13:29  Marine  
  188  13:30  Marine  
  188  13:31  Marine x6  
  188  13:32  Widow Mine  
  169  13:37  SCV  
  157  13:42  Marauder  
  157  13:43  SCV  
  157  13:44  Marauder  
  157  13:45  Marine  
  157  13:46  Marauder  
  157  13:47  Marine  
  157  13:48  Marine x2  
  164  13:59  SCV  
  164  14:02  Marine, Ghost  
  157  14:05  Marauder, SCV  
  157  14:06  SCV x3  
  157  14:08  Widow Mine x2, Marauder  
  157  14:09  Barracks Tech Lab  
  170  14:10  Liberator x2  
  170  14:11  SCV  
  170  14:13  Command Center  
  177  14:22  SCV  
  177  14:23  Widow Mine  
  180  14:26  Marauder  
  180  14:28  Marine  
  180  14:29  Widow Mine x2, Marauder x2  
  191  14:32  Refinery  
  191  14:34  Command Center, Missile Turret  
  191  14:36  Command Center  
  190  14:40  Ghost  
  192  14:47  Ghost  
  192  14:48  SCV  
  192  14:49  Hi-Sec Auto Tracking  
  191  14:53  Marine, SCV  
  191  14:54  Marauder  
  191  14:59  Ghost  
  182  15:01  SCV  
  182  15:02  SCV  
  182  15:03  Marine  
  182  15:04  Orbital Command  
  179  15:08  Marine  
  179  15:09  Marauder  
  179  15:12  SCV x2  
  181  15:17  Marine  
  181  15:18  Marauder  
  184  15:24  Marauder, Marine  
  171  15:31  SCV  
Show
View Real Time Build Order
Export as new Build Order

Lambo Zerg - Winner!

Build Orders: Hatch First, Lurkers 

Get SALT Encoding   

  12  0:00  Drone  
  13  0:12  Overlord  
  13  0:18  Drone  
  14  0:32  Drone x2  
  16  0:48  Hatchery  
  15  0:51  Drone  
  15  0:56  Drone  
  17  0:59  Drone  
  18  1:10  Extractor  
  17  1:14  Spawning Pool  
  17  1:16  Drone  
  17  1:19  Drone  
  18  1:28  Drone  
  19  1:38  Drone  
  20  1:49  Drone  
  21  2:00  Queen x2  
  21  2:01  Zergling x4  
  27  2:10  Drone  
  27  2:11  Overlord  
  28  2:20  Hatchery  
  27  2:23  Drone  
  27  2:29  Drone  
  29  2:32  Drone  
  29  2:35  Drone  
  30  2:41  Queen  
  32  2:45  Overlord  
  32  2:49  Metabolic Boost  
  32  2:52  Drone  
  32  2:53  Drone  
  32  2:57  Drone  
  35  3:03  Queen  
  37  3:09  Drone x3  
  37  3:11  Drone  
  41  3:15  Drone x2  
  43  3:23  Overlord  
  43  3:27  Overlord  
  43  3:31  Queen  
  43  3:32  Drone  
  46  3:37  Queen  
  48  3:41  Queen  
  48  3:42  Drone  
  48  3:43  Drone  
  48  3:46  Zergling x2  
  48  3:48  Overlord  
  53  3:50  Drone  
  53  3:51  Drone  
  53  3:54  Drone  
  56  3:56  Drone x2  
  56  3:58  Drone  
  56  4:02  Overlord  
  59  4:08  Zergling x4  
  61  4:10  Overlord  
  61  4:11  Drone x3  
  61  4:15  Drone x2  
  66  4:19  Queen  
  66  4:21  Drone  
  66  4:23  Drone x2  
  71  4:26  Overlord  
  71  4:28  Drone  
  72  4:32  Lair, Extractor  
  72  4:34  Drone  
  72  4:36  Drone x2  
  74  4:43  Hatchery  
  74  4:45  Drone  
  74  4:46  Drone  
  74  4:49  Drone x3  
  78  4:54  Overlord  
  78  4:55  Drone x3  
  78  4:56  Spore Crawler  
  78  4:59  Spore Crawler  
  79  5:01  Spore Crawler  
  79  5:03  Drone x2  
  80  5:12  Drone x6  
  80  5:14  Queen  
  86  5:15  Extractor  
  86  5:16  Extractor  
  86  5:22  Drone x2  
  86  5:23  Evolution Chamber, Baneling Nest, Drone  
  86  5:24  Evolution Chamber  
  86  5:28  Zergling x10  
  91  5:32  Overseer, Extractor  
  91  5:33  Overseer  
  91  5:34  Drone x3  
  93  5:35  Drone  
  93  5:38  Drone x3  
  97  5:43  Zergling x2  
  98  5:50  Zerg Ground Armor Level 1, Zerg Melee Weapons Level 1  
  97  6:01  Overlord x2  
  97  6:07  Zergling x4  
  97  6:10  Zergling x6  
  100  6:12  Zergling x14  
  100  6:16  Evolution Chamber  
  96  6:22  Drone x6  
  98  6:26  Drone  
  98  6:32  Drone x5  
  103  6:35  Extractor  
  103  6:36  Hydralisk Den  
  103  6:38  Drone x6  
  103  6:39  Spore Crawler  
  106  6:45  Drone  
  108  6:50  Spore Crawler  
  108  6:52  Spore Crawler  
  108  6:53  Drone x3  
  109  7:00  Hatchery  
  110  7:01  Zergling x12  
  110  7:03  Baneling x4, Centrifugal Hooks  
  110  7:04  Baneling x3  
  115  7:13  Zergling x10  
  115  7:15  Grooved Spines  
  120  7:18  Extractor  
  120  7:19  Overlord  
  120  7:22  Infestation Pit  
  118  7:26  Overlord, Drone  
  118  7:27  Baneling x3  
  118  7:29  Zergling x2  
  119  7:31  Overlord  
  119  7:32  Overlord  
  119  7:34  Overlord  
  119  7:35  Overlord x2  
  119  7:36  Overlord  
  119  7:37  Overlord  
  119  7:41  Overlord, Hatchery  
  119  7:44  Zergling x16  
  119  7:45  Zerg Melee Weapons Level 2, Zerg Ground Armor Level 2  
  119  7:49  Drone x3  
  129  7:59  Zergling x18  
  138  8:07  Hive  
  138  8:12  Hydralisk x6, Baneling x3  
  150  8:14  Baneling  
  150  8:15  Baneling x2  
  150  8:16  Baneling  
  150  8:17  Zergling x12  
  156  8:21  Extractor  
  146  8:28  Zergling x12  
  146  8:33  Drone x2  
  144  8:36  Lurker Den  
  142  8:45  Drone x8  
  148  8:48  Drone x2  
  148  8:53  Extractor  
  147  8:57  Baneling x2  
  147  8:58  Baneling  
  147  9:01  Drone x2  
  149  9:03  Zergling x20  
  149  9:08  Drone  
  155  9:11  Extractor  
  155  9:12  Extractor  
  143  9:19  Drone x8  
  150  9:24  Spore Crawler  
  150  9:27  Hydralisk x6  
  161  9:31  Pneumatized Carapace  
  161  9:32  Nydus Network  
  161  9:33  Hydralisk x6  
  161  9:35  Seismic Spines  
  171  9:44  Spore Crawler, Baneling x6  
  171  9:46  Hydralisk x3  
  175  9:53  Zergling x14  
  175  9:55  Muscular Augments  
  175  9:59  Overlord  
  182  10:05  Spore Crawler  
  181  10:16  Overlord  
  181  10:17  Hatchery  
  181  10:18  Overlord  
  180  10:21  Lurker x2  
  180  10:23  Zerg Ground Armor Level 3, Overlord, Zerg Missile Weapons Level 1  
  180  10:32  Adaptive Talons  
  180  10:34  Zergling x34  
  189  10:37  Lurker x6  
  195  10:45  Baneling x4  
  195  10:47  Zergling x16  
  197  10:55  Zergling x2  
  197  10:56  Zergling x10  
  200  11:07  Overseer x2  
  200  11:08  Overseer, Nydus Canal  
  196  11:15  Zergling x10  
  200  11:19  Baneling x11  
  185  11:37  Zergling x28  
  185  11:38  Nydus Canal  
  195  11:45  Zergling x30  
  199  11:52  Drone x8  
  187  11:58  Hydralisk x5  
  194  12:08  Zergling x2  
  194  12:09  Zergling x10  
  189  12:18  Zergling x18  
  185  12:23  Zergling x2  
  185  12:24  Zergling x16  
  186  12:37  Hydralisk x7  
  200  12:44  Baneling x9  
  200  12:45  Baneling x13  
  200  12:46  Adrenal Glands  
  200  12:54  Baneling x8  
  200  13:03  Overseer, Hatchery  
  198  13:07  Zergling x2  
  198  13:10  Hatchery  
  198  13:11  Lurker  
  199  13:17  Nydus Canal, Overlord  
  188  13:27  Zergling x28  
  188  13:32  Infestor x2  
  185  13:34  Burrow  
  185  13:35  Zergling x30  
  185  13:40  Zergling x4  
  185  13:41  Zergling x16  
  193  13:54  Lurker x7  
  200  14:01  Nydus Canal  
  200  14:03  Overlord  
  197  14:13  Baneling x13  
  197  14:15  Baneling x10  
  197  14:19  Overseer  
  197  14:26  Lurker x3  
  197  14:29  Overlord  
  200  14:36  Nydus Canal  
  200  14:45  Zergling x14  
  200  14:49  Zergling x10  
  197  14:57  Zergling x28  
  197  14:58  Overseer  
  197  15:05  Overseer  
  183  15:07  Zergling x2  
  183  15:08  Zergling x38  
  189  15:19  Nydus Canal  
  187  15:25  Zergling x26  
  191  15:29  Overseer  
  188  15:39  Hatchery  
Tags
 
Add a new tag
Caveats
  • Supply blocks, unpowered buildings, or Contaminate may cause inaccurate times.
  • Supply counts are checked every 10 seconds.